Map: Orbital Shipyard

Players

qxc

  • Race: Terran Terran
  • League: Master

True - Winner!

  • Race: Zerg Zerg
  • League: Grandmaster

Event: Lycan League Weekly August #2

VOD

Have the link to the VOD?

Description

Time

  • Played on: Aug. 10, 2015, 1:58 p.m.
  • Length: 15:54

All games in this series

Show
View Real Time Build Order
Export as new Build Order

qxc Terran 

Build Orders: Reaper Expand, Bio Tank 

Get SALT Encoding   

  12  0:01  SCV  
  13  0:13  SCV  
  14  0:17  Supply Depot  
  14  0:25  SCV  
  15  0:39  SCV  
  15  0:40  Barracks  
  16  0:44  Refinery  
  16  0:51  SCV  
  17  1:03  SCV  
  18  1:15  SCV  
  19  1:28  Reaper, Orbital Command  
  20  1:42  Command Center  
  20  1:51  Supply Depot  
  20  1:55  SCV  
  20  2:00  Marine  
  22  2:07  SCV  
  23  2:15  Factory  
  23  2:19  SCV  
  23  2:22  Barracks Reactor  
  24  2:31  SCV  
  25  2:38  Barracks  
  25  2:40  Barracks  
  25  2:43  SCV  
  25  2:55  SCV, Refinery, Orbital Command  
  26  3:07  SCV, Hellion x2  
  26  3:08  Barracks Tech Lab  
  31  3:19  SCV  
  32  3:24  SCV  
  32  3:27  Barracks Reactor, Stimpack, Marine  
  33  3:29  Hellion  
  33  3:32  Hellion  
  33  3:33  SCV  
  39  3:34  Barracks Reactor  
  39  3:36  SCV  
  40  3:43  Supply Depot  
  40  3:45  SCV, Marine  
  40  3:48  SCV  
  45  3:57  SCV  
  44  4:02  Starport  
  44  4:03  SCV, Marine  
  44  4:05  Engineering Bay, Marine x2  
  49  4:11  Marine x2  
  52  4:19  Bunker  
  52  4:21  Bunker  
  52  4:22  Supply Depot  
  52  4:23  Marine  
  53  4:24  Marine, Marauder  
  53  4:26  Factory Tech Lab  
  54  4:42  Supply Depot x2  
  54  4:43  Marine x2  
  56  4:46  Siege Tank, Marine  
  56  4:47  Marine  
  61  4:54  SCV  
  62  5:03  Medivac, Marine x2  
  62  5:04  Marauder  
  68  5:07  SCV  
  68  5:09  Medivac  
  68  5:10  Marine  
  68  5:12  Marine  
  73  5:15  SCV  
  74  5:25  SCV  
  74  5:27  Marine x3  
  74  5:28  Refinery  
  78  5:30  Supply Depot  
  78  5:36  SCV, Medivac  
  78  5:38  SCV  
  82  5:48  Marine x3  
  85  5:51  Combat Shields  
  85  5:52  Command Center, SCV  
  86  5:57  Refinery, Marine x2  
  86  5:58  SCV  
  89  6:06  SCV  
  89  6:10  Siege Tank  
  89  6:12  SCV  
  89  6:13  Marine x3  
  89  6:15  Marauder  
  91  6:22  SCV  
  91  6:24  Marine  
  93  6:30  SCV, Supply Depot  
  94  6:44  Supply Depot  
  94  6:45  Terran Infantry Weapons Level 1, Supply Depot  
  94  6:52  Marauder, SCV, Medivac x2, Marine  
  102  7:02  Supply Depot  
  102  7:03  Marine  
  102  7:04  SCV, Supply Depot  
  102  7:07  SCV  
  105  7:10  Marine x2  
  105  7:11  Marine  
  105  7:13  Orbital Command  
  108  7:18  SCV, Barracks  
  108  7:19  Barracks  
  109  7:24  SCV  
  109  7:27  Marauder, Marine  
  109  7:29  Siege Tank, Medivac  
  115  7:30  SCV  
  115  7:36  SCV  
  117  7:42  SCV, Missile Turret, Medivac  
  117  7:44  SCV  
  120  7:47  Marine x2  
  120  7:48  Marine x2  
  124  7:54  SCV  
  124  7:56  Marauder  
  125  8:02  Orbital Command  
  125  8:05  Marine  
  114  8:09  SCV  
  114  8:12  Siege Tank  
  107  8:16  SCV  
  107  8:18  Barracks Reactor x2  
  107  8:19  Armory  
  108  8:20  Engineering Bay  
  108  8:21  SCV  
  108  8:23  Missile Turret, Medivac x2  
  113  8:28  SCV  
  113  8:33  SCV  
  113  8:37  Marauder, Marine x2  
  113  8:39  SCV  
  113  8:40  SCV  
  119  8:44  Siege Tank  
  122  8:49  Marine x2  
  122  8:51  SCV  
  122  8:54  Marine x2  
  127  8:58  Terran Infantry Armor Level 1, Marine, Marauder  
  127  8:59  Marine x3  
  133  9:03  Supply Depot, SCV  
  133  9:05  Supply Depot  
  133  9:06  Medivac  
  133  9:08  Marine x2  
  140  9:11  Terran Infantry Weapons Level 2  
  140  9:12  Marine x2  
  140  9:15  Refinery  
  140  9:16  Refinery  
  139  9:20  Marauder  
  139  9:23  Marine x4  
  145  9:25  Marine  
  145  9:28  Supply Depot  
  146  9:33  Siege Tank  
  146  9:36  Marine  
  146  9:37  Marine  
  151  9:39  Missile Turret  
  151  9:41  Marauder  
  153  9:47  Command Center  
  153  9:52  Medivac x2  
  155  9:53  Marine x5  
  162  10:02  Marauder  
  164  10:07  Marine x3  
  164  10:08  Siege Tank  
  164  10:11  Marine  
  169  10:22  Missile Turret  
  169  10:24  Marauder  
  169  10:25  Missile Turret  
  169  10:26  Missile Turret, Marine x2  
  173  10:35  Supply Depot  
  173  10:36  Supply Depot  
  173  10:38  Supply Depot  
  173  10:40  Supply Depot x2  
  173  10:41  Factory  
  173  10:57  Marauder, Siege Tank, Medivac x2, Marine x6  
  188  11:04  Missile Turret  
  188  11:06  Missile Turret  
  188  11:14  Marine x3  
  188  11:15  Terran Infantry Armor Level 2  
  191  11:18  Marauder  
  191  11:20  Barracks  
  191  11:23  Barracks  
  149  11:41  Siege Tank, Medivac x2  
  149  11:42  Marauder, Marine x3  
  149  11:43  Marine  
  144  11:55  Factory Tech Lab, Marine x3  
  144  11:58  Marine  
  144  12:00  Marine x3  
  111  12:01  SCV x2  
  111  12:02  SCV  
  111  12:04  Marauder  
  108  12:13  Siege Tank  
  108  12:14  Marine x3  
  111  12:17  SCV  
  111  12:21  SCV, Liberator  
  113  12:23  Liberator  
  113  12:25  Marauder  
  113  12:28  Siege Tank  
  113  12:29  Planetary Fortress  
  118  12:31  Marine x2  
  118  12:34  SCV  
  117  12:37  Missile Turret  
  117  12:41  Marine  
  117  12:44  SCV x2  
  126  12:45  Marine x2  
  126  12:47  Marauder  
  126  12:48  SCV  
  131  12:52  Siege Tank  
  131  12:55  Marine  
  131  12:56  SCV  
  136  13:01  SCV  
  137  13:07  Marine x4  
  137  13:08  Marauder  
  137  13:16  SCV  
  137  13:18  Siege Tank  
  141  13:20  Marine  
  141  13:22  Marine x3  
  141  13:23  SCV, Liberator x2  
  141  13:25  Marine  
  148  13:31  Siege Tank  
  151  13:38  Missile Turret  
  156  13:43  Marauder, Marine x4  
  162  13:53  Missile Turret  
  162  13:54  Missile Turret  
  162  13:55  Missile Turret  
  162  13:56  Marine x2  
  162  13:57  Missile Turret  
  154  14:05  Liberator  
  154  14:06  Liberator  
  154  14:08  Siege Tank x2  
  166  14:24  Marine x2  
  166  14:25  Marine x4  
  174  14:32  Marine x2  
  174  14:36  Command Center  
  173  14:41  Marine  
  173  14:42  Marine  
  141  14:46  Marine x3  
  141  14:47  Marine  
  141  14:50  Marine  
  141  14:51  Marine  
  141  15:05  Marine x2  
  141  15:06  Marine x2  
  145  15:15  Orbital Command  
  145  15:18  Marine x3  
  145  15:19  Marine x2  
  148  15:23  Marine x3  
  148  15:32  Marine  
Show
View Real Time Build Order
Export as new Build Order

True Zerg - Winner!

Build Orders: Hatch First 

Get SALT Encoding   

  12  0:01  Drone  
  13  0:12  Overlord  
  13  0:18  Drone  
  14  0:30  Drone  
  14  0:31  Drone  
  14  0:35  Drone  
  17  0:52  Hatchery  
  17  0:55  Drone  
  17  1:08  Spawning Pool  
  17  1:11  Drone  
  17  1:15  Extractor  
  17  1:16  Drone  
  17  1:19  Drone  
  18  1:27  Overlord  
  18  1:38  Drone  
  19  1:54  Queen  
  19  1:56  Zergling x2  
  19  2:00  Drone  
  23  2:04  Drone, Queen  
  26  2:12  Drone  
  27  2:16  Overlord  
  27  2:22  Drone  
  28  2:26  Drone  
  28  2:30  Queen  
  28  2:32  Drone  
  31  2:37  Drone  
  31  2:39  Queen  
  34  2:45  Overlord  
  34  2:47  Drone  
  35  2:53  Drone  
  36  2:58  Drone  
  36  3:02  Overlord, Drone  
  36  3:03  Drone x2  
  40  3:06  Drone  
  40  3:08  Drone  
  40  3:11  Lair  
  42  3:18  Roach Warren  
  41  3:22  Queen  
  43  3:34  Drone  
  43  3:35  Drone x3  
  43  3:37  Spine Crawler  
  46  3:45  Drone  
  46  3:46  Drone x4, Extractor x2  
  46  3:48  Drone  
  50  3:51  Overlord  
  50  3:53  Drone, Extractor  
  50  3:55  Drone  
  51  3:56  Drone  
  51  4:00  Roach  
  51  4:01  Roach  
  56  4:07  Roach  
  58  4:10  Glial Reconstitution  
  58  4:12  Overseer  
  58  4:21  Drone x4  
  62  4:30  Drone  
  63  4:32  Evolution Chamber  
  63  4:38  Hatchery  
  61  4:52  Metabolic Boost  
  61  4:56  Drone  
  61  4:57  Drone x6  
  61  4:58  Overlord  
  68  5:00  Overlord  
  68  5:02  Zerg Ground Armor Level 1  
  68  5:04  Evolution Chamber  
  68  5:05  Burrow, Overlord  
  68  5:06  Drone  
  68  5:11  Overlord  
  68  5:17  Baneling Nest  
  68  5:18  Drone x3  
  68  5:19  Drone  
  68  5:20  Drone  
  72  5:23  Drone  
  72  5:24  Drone  
  72  5:25  Drone  
  75  5:32  Zerg Melee Weapons Level 1  
  76  5:35  Zergling x2  
  76  5:36  Zergling x8  
  76  5:39  Zergling x2  
  81  5:47  Zergling x4  
  81  5:48  Zergling x4  
  85  5:50  Zergling x2  
  85  5:51  Zergling x2  
  85  5:53  Zergling x2  
  85  5:55  Zergling x6  
  91  6:01  Centrifical Hooks  
  91  6:03  Roach x2  
  94  6:04  Roach  
  94  6:09  Overlord  
  95  6:12  Roach  
  95  6:14  Roach  
  97  6:21  Roach x2  
  97  6:22  Roach  
  97  6:24  Roach  
  97  6:25  Overlord, Roach  
  106  6:27  Overlord  
  106  6:29  Overlord  
  105  6:34  Overlord  
  105  6:39  Roach x6  
  114  6:55  Roach x4  
  114  6:56  Roach x5  
  114  6:58  Roach x3  
  140  7:01  Roach  
  140  7:04  Roach x2  
  141  7:14  Queen  
  143  7:17  Roach  
  143  7:18  Overlord  
  143  7:20  Overlord  
  145  7:22  Overlord  
  145  7:25  Overlord  
  145  7:27  Overlord  
  145  7:29  Overlord  
  145  7:34  Overlord  
  143  7:41  Roach  
  143  7:42  Roach x7  
  159  7:45  Zerg Melee Weapons Level 2  
  159  7:48  Zerg Missile Weapons Level 1  
  151  8:11  Drone x11  
  162  8:13  Roach x10, Tunneling Claws  
  162  8:23  Extractor x2  
  162  8:25  Overlord  
  158  8:37  Zergling x14  
  158  8:39  Zergling x2  
  158  8:40  Roach x5, Zergling x2  
  158  8:41  Zergling x4  
  167  8:52  Hatchery, Roach  
  167  8:53  Zergling x18  
  167  8:54  Zergling x6  
  178  9:03  Zergling x2  
  178  9:04  Zergling x4  
  181  9:11  Zergling x2  
  181  9:13  Overlord  
  181  9:14  Zergling x2  
  181  9:15  Zergling x6  
  185  9:19  Overlord  
  185  9:30  Overlord, Zergling x2  
  185  9:31  Zergling x14  
  193  9:36  Spire  
  192  9:42  Zerg Ground Armor Level 2  
  192  9:50  Drone x6  
  198  9:53  Roach x8  
  198  9:55  Drone  
  198  9:57  Hatchery  
  194  10:03  Zerg Missile Weapons Level 2  
  194  10:04  Baneling  
  194  10:05  Baneling x5  
  194  10:06  Baneling  
  178  10:08  Baneling  
  178  10:09  Baneling x2, Zergling x2  
  178  10:10  Zergling x2  
  178  10:11  Zergling x16  
  178  10:13  Zergling x2  
  190  10:14  Zergling x4  
  190  10:15  Zergling x6  
  190  10:20  Zergling x2  
  193  10:22  Zergling x2  
  193  10:23  Zergling x2  
  193  10:26  Zergling x2  
  194  10:32  Zergling x2  
  194  10:33  Zergling x8  
  199  10:39  Overlord  
  199  10:40  Roach x8  
  199  10:41  Overlord  
  199  10:42  Overlord  
  199  10:44  Overlord  
  199  10:46  Roach x8  
  199  10:48  Overlord  
  191  10:50  Zergling x2  
  191  10:51  Zergling x2  
  191  10:53  Zerg Flyer Weapons Level 1  
  191  10:55  Baneling x17  
  191  10:56  Baneling x21  
  189  11:15  Baneling  
  189  11:16  Baneling x17  
  189  11:17  Zergling x20  
  199  11:19  Roach x4  
  199  11:20  Roach x4  
  199  11:22  Overlord  
  199  11:26  Zergling x4  
  199  11:27  Zergling x6  
  199  11:28  Zergling x2  
  199  11:30  Zergling x2  
  199  11:31  Zergling x2  
  178  11:34  Zergling x2  
  178  11:35  Zergling x4  
  178  11:36  Zergling x4  
  178  11:38  Zergling x2  
  170  11:45  Mutalisk  
  170  11:46  Mutalisk x3  
  177  11:47  Mutalisk  
  177  11:51  Mutalisk  
  177  11:52  Mutalisk  
  168  11:56  Mutalisk  
  147  12:03  Mutalisk  
  147  12:04  Mutalisk x2  
  147  12:05  Mutalisk  
  147  12:06  Mutalisk  
  142  12:08  Mutalisk  
  142  12:11  Mutalisk  
  143  12:16  Drone x5  
  143  12:21  Extractor  
  147  12:32  Zergling x2  
  147  12:33  Zergling x8  
  147  12:34  Hatchery  
  147  12:36  Mutalisk  
  153  12:38  Pneumatized Carapace  
  153  12:41  Mutalisk  
  155  12:44  Mutalisk  
  155  12:45  Mutalisk  
  155  12:48  Mutalisk  
  161  12:56  Mutalisk  
  161  12:57  Mutalisk  
  164  13:02  Zergling x14  
  164  13:03  Zergling x2  
  164  13:04  Zergling x2  
  173  13:08  Zergling x4  
  173  13:10  Overlord  
  173  13:11  Zergling x2  
  173  13:12  Zergling x2  
  176  13:13  Zergling x2  
  176  13:14  Zergling x2  
  178  13:20  Baneling  
  178  13:21  Baneling x12  
  178  13:22  Zergling x2  
  178  13:23  Zergling x2  
  178  13:25  Zergling x2  
  182  13:27  Zergling x4  
  182  13:28  Zergling x2  
  182  13:29  Zergling x2  
  182  13:31  Zergling x4  
  187  13:34  Zergling x2  
  187  13:35  Zergling x4  
  187  13:37  Zergling x4  
  192  13:42  Zergling x8  
  192  13:43  Zergling x2  
  192  13:45  Zergling x2  
  198  13:53  Mutalisk  
  200  14:08  Zergling x2  
  199  14:10  Zergling x2  
  199  14:16  Baneling  
  199  14:17  Baneling x25  
  200  14:29  Hatchery  
  199  14:33  Zergling x2  
  176  14:49  Corruptor x6  
  176  14:50  Corruptor x2  
  190  15:14  Baneling x16  
  190  15:15  Baneling x2  
  190  15:17  Zergling x18  
  199  15:25  Roach x7  
  199  15:30  Zergling x2  
  199  15:32  Zergling x2  
  199  15:33  Zergling x2  

Tags
 
Add a new tag
Caveats
  • Supply blocks, unpowered buildings, or Contaminate may cause inaccurate times.
  • Supply counts are checked every 10 seconds.